 Dungeon Crawl Stone Soup version 0.28-a0-1130-gc51a68064b (webtiles) character file.

Game seed: 2430561252966728539

607 ytrimaz the Insei (level 7, 0/46 HPs)
             Began as an Octopode Transmuter on Dec 13, 2021.
             Slain by an orc wizard (3 damage)
             ... on level 4 of the Dungeon.
             The game lasted 00:05:58 (5863 turns).

ytrimaz the Insei (Octopode Transmuter)             Turns: 5863, Time: 00:05:59

Health: 0/46       AC:  2    Str: 11    XL:     7   Next: 43%
Magic:  7/13       EV: 19    Int: 15    God:
Gold:   103        SH:  0    Dex: 18    Spells: 5/14 levels left

rFire   . . .      SeeInvis .     - Unarmed
rCold   . . .      Faith    .   (shield currently unavailable)
rNeg    . . .      Spirit   .   (helmet currently unavailable)
rPois   x          Reflect  .   a - amulet of the acrobat
rElec   .          Harm     .   (no ring)
rCorr   .          Rampage  .   (no ring)
Will    .....                   (no ring)
Stlth   ++........              (no ring)
HPRegen 0.15/turn               (no ring)
MPRegen 0.13/turn               (no ring)
                                (no ring)
                                (no ring)

@: spider-form (expiring), wereblooded
A: venomous fangs, almost no armour, (amphibious), 8 rings, tiny, (camouflage
1), (gelatinous body 1), (nimble swimmer 1), (tentacles)
a: End Transformation


You were on level 4 of the Dungeon.
You were a venomous arachnid creature.
You visited 1 branch of the dungeon, and saw 4 of its levels.

You collected 103 gold pieces.

Inventory:

Jewellery
 a - an amulet of the acrobat (around neck)
Scrolls
 d - 2 scrolls of teleportation
 f - a scroll of summoning
Potions
 b - 2 potions of degeneration {unknown}
 c - a potion of might {unknown}
 e - 2 potions of heal wounds
 g - a potion of curing {unknown}
 i - a potion of resistance {unknown}


   Skills:
 * Level 3.0 Fighting
 - Level 2.0 Dodging
 + Level 5.0 Unarmed Combat
 * Level 4.1 Spellcasting
 * Level 4.2 Transmutations
 * Level 1.7 Poison Magic


You had 5 spell levels left.
You knew the following spells:

 Your Spells              Type           Power      Damage    Failure   Level
a - Ice Form              Ice/Tmut       9%         N/A       78%         4
b - Wereblood             Tmut           15%        N/A       14%         2
c - Spider Form           Tmut/Pois      12%        N/A       34%         3

Your spell library contained the following spells:

 Spells                   Type           Power      Damage    Failure   Level
 Beastly Appendage        Tmut           30%        N/A       11%         1
 Magic Dart               Conj           12%        1d3       38%         1
 Call Imp                 Summ           3%         N/A       47%         2
 Mephitic Cloud           Conj/Pois/Air  4%         N/A       61%         3


Dungeon Overview and Level Annotations

Branches:
Dungeon (4/15)
 Temple: D:4-7

Altars:
Hepliaklqana
Kikubaaqudgha
Beogh

Shops:
D:1 *

Annotations:
D:4 2 transporters


Innate Abilities, Weirdness & Mutations

You are a venomous arachnid creature.
You have poisonous fangs.
You are tiny and dextrous.
Your spellcasting is less reliable in this form.
Your armour is entirely melded.
You are incapable of wielding weapons or throwing items.
You cannot wear most types of armour.
((You are amphibious.))
You can wear up to eight rings at the same time.
((Your skin changes colour to match your surroundings (Stealth+).))
((Your rubbery body absorbs attacks. (AC +1, EV +1)))
((You are camouflaged near water. (Stealth+)))
((You have tentacles for arms and can constrict up to eight enemies at once.))


Message History

The orc priest is severely wounded.
Your transformation is almost over.
The orc priest misses you. Something hits you. The orc priest misses you.
Unknown command.
You hit the orc priest but do no damage.
The orc priest looks as sick as possible!
The orc priest is almost dead.
The orc priest closely misses you. Something barely misses you.
The orc priest barely misses you.
Unknown command.
You hit the orc priest but do no damage.
The orc priest is poisoned.
You feel a bit better.
You kill the orc priest!
The orc priest closely misses you.
You hear some strange, mumbled words.
A puff of flame appears from out of thin air!
The puff of flame hits you!
* * * LOW HITPOINT WARNING * * *
Your Fighting skill increases to level 3!
You hit the orc priest but do no damage.
The orc priest looks as sick as possible!
The orc priest is lightly wounded.
The orc priest closely misses you. Something hits you but does no damage.
Unknown command.
You hit the orc priest but do no damage.
The orc priest looks as sick as possible!
The orc priest is moderately wounded.
Something hits you.
* * * LOW HITPOINT WARNING * * *
The orc priest barely misses you.
Unknown command.
You hit the orc priest.
The orc priest looks as sick as possible!
The orc priest is heavily wounded.
You hiss as the wereblood boils in your veins!
The orc priest calls down the wrath of Beogh upon you.
Pain shoots through your body!
* * * LOW HITPOINT WARNING * * *
Something hits you.
You die...

#...###..## # #.......#####
#######
##.#####.....###......
####.##._.#####..........
#....#$8$8$#.............
########.$$..#.####......©.
#...# #.8.8.#.# #..######
#...# #.)o##.# #..#8P$©$
#...# ###s###.####..#≈..(.
#...# #.#{)......#..####+#
#...# #.##.......#..#K≈...
##.## #.##.......#..#.≈...
#.# #.##.......#..#.≈P≈≈
##.### #.#####...##..# ≈≈♣P
#...<###.#####.......#.≈P≈P
#..)..............#..#o≈...
#....###.######.#.#..#.≈...


You could see an orc priest (extremely poisoned).

Vanquished Creatures
  Grinder (D:3)
  2 orc priests
  2 jellies (D:4)
  A bullfrog skeleton (D:4)
  An iguana (D:4)
  Jessica (D:3)
  Robin (D:3)
  4 gnolls
  5 adders
  4 worms
  10 orcs
  7 ball pythons
  3 bat zombies (D:3)
  5 endoplasms
  5 giant cockroaches
  17 goblins
  5 hobgoblins
  3 jackals (D:1)
  3 quokkas
  7 bats
  4 frilled lizards
  9 kobolds
  2 rats
102 creatures vanquished.

Notes
Turn   | Place    | Note
-------+----------+-------------------------------------------
     0 | D:1      | ytrimaz the Octopode Transmuter began the quest for the
                  | Orb.
     0 | D:1      | Reached XP level 1. HP: 13/13 MP: 3/3
    98 | D:1      | You fall into a shaft and drop 1 floor!
   119 | D:2      | Reached XP level 2. HP: 18/18 MP: 3/5
   131 | D:2      | Learned a level 2 spell: Wereblood
   210 | D:2      | Reached XP level 3. HP: 23/23 MP: 3/6
  1120 | D:2      | Reached XP level 4. HP: 20/28 MP: 5/7
  1557 | D:1      | Found Nehouph's General Store.
  2408 | D:2      | Learned a level 3 spell: Spider Form
  3046 | D:3      | Reached skill level 4 in Unarmed Combat
  3046 | D:3      | Reached XP level 5. HP: 12/34 MP: 3/9
  3637 | D:3      | Found an ancient bone altar of Kikubaaqudgha.
  3785 | D:3      | Noticed Grinder
  3804 | D:3      | Killed Grinder
  3805 | D:3      | Reached XP level 6. HP: 24/41 MP: 7/11
  3982 | D:3      | Noticed Robin
  3994 | D:3      | Reached skill level 1 in Poison Magic
  4003 | D:3      | Killed Robin
  4518 | D:3      | Noticed Jessica
  4522 | D:3      | Killed Jessica
  4550 | D:3      | Learned a level 4 spell: Ice Form
  4639 | D:4      | Reached XP level 7. HP: 22/45 MP: 9/12
  4902 | D:4      | Found a transporter.
  5366 | D:4      | Found a transporter.
  5366 | D:4      | Noticed a kobold demonologist
  5493 | D:4      | Reached skill level 5 in Unarmed Combat
  5814 | D:4      | Found a hazy altar of Hepliaklqana.
  5863 | D:4      | Slain by an orc wizard

Illustrated notes

Levels and vault maps discovered:
D:1:      roderic_crossed_star, layout_basic, serial_shops, shop_statue,
          chequers_arboretum
D:2:      layout_loops_corners
D:3:      layout_basic, lemuel_zombie_altar_kikubaaqudgha, eino_tiny_chamber,
          uniq_robin, uniq_jessica, uniq_grinder
D:4:      gammafunk_wand_slinger, layout_rooms, nzn_hepliaklqana_mist_gate,
          kennysheep_mini_moat, chequers_serial_rivers_small_3,
          nrook_loot_triangle, kennysheep_orc_chapel

Skill      XL: |  1  2  3  4  5  6  7 |
---------------+----------------------+-----
Unarmed Combat | 4 5 |  5.0
Fighting       | 2 3 |  3.0
Transmutations | 3 4 |  4.2
Spellcasting   | 3 4 |  4.1
Poison Magic   | 1 |  1.7
Dodging        | |  2.0

Action                   |  1- 3 |  4- 6 |  7- 9 || total
-------------------------+-------+-------+-------++-------
Melee: Unarmed           |    66 |   122 |    71 ||   259
       Kick              |     7 |     4 |       ||    11
       Constrict         |    14 |    28 |     1 ||    43
       Tentacles         |    10 |    15 |       ||    25
       Punch             |     1 |     2 |       ||     3
 Cast: Beastly Appendage |     9 |    10 |       ||    19
       Wereblood         |     2 |     4 |     1 ||     7
       Spider Form       |       |     6 |     7 ||    13
  Use: Scroll            |     3 |     3 |     1 ||     7
 Stab: Sleeping          |     3 |     4 |     3 ||    10
Armor: Skin              |    10 |    12 |     2 ||    24
Dodge: Dodged            |    44 |    77 |    69 ||   190

Table legend: (Time is in decaauts)
 A = Elapsed time spent in this place.
 B = Non-inter-level travel time spent in this place.
 C = Inter-level travel time spent in this place.
 D = Time resting spent in this place.
 E = Time spent auto-exploring this place.
 F = Levels seen in this place.
 G = Mean time per level.
                   A        B        C        D        E       F      G
               +--------+--------+--------+--------+--------+-----+--------+
         Total |   5846 |   5724 |    122 |    779 |   4214 |   4 | 1461.5 |
       Dungeon |   5846 |   5724 |    122 |    779 |   4214 |   4 | 1461.5 |
               +--------+--------+--------+--------+--------+-----+--------+

Top non-repeatable levels by time:
     D:2: 2115 daAuts
     D:3: 1383 daAuts
     D:4: 1265 daAuts
     D:1: 1082 daAuts
